 Dungeon Crawl Stone Soup version 0.20-a0-1050-g57248f3 (webtiles) character file.

15 MatthieuS the Magician (level 2, 0/16 HPs)
             Began as a Deep Elf Wizard on Apr 25, 2017.
             Slain by a leopard gecko (4 damage)
             ... on level 1 of the Dungeon.
             The game lasted 00:04:01 (990 turns).

MatthieuS the Magician (Deep Elf Wizard)             Turns: 990, Time: 00:04:02

Health: 0/16       AC: 10    Str:  4    XL:     2   Next: 34%
Magic:  9/9        EV:  0    Int: 22    God:
Gold:   23         SH:  6    Dex: 18    Spells: 8/9 levels left

rFire    . . .     SeeInvis .   h - +0 dagger
rCold    . . .     Gourm    .   e - +0 shield
rNeg     . . .     Faith    .   m - +0 chain mail
rPois    .         Spirit   .   b - +0 hat
rElec    .         Reflect  .   o - +0 cloak
rCorr    .         Harm     .   i - +0 pair of gloves
MR       .....                  (no boots)
Stlth    ..........             (no amulet)
Regen    0.1/turn               (no ring)
MPRegen  0.2/turn               (no ring)

@: agile
A: no striking features
a: no special abilities


You were on level 1 of the Dungeon.
You were not hungry.

You visited 1 branch of the dungeon, and saw 1 of its levels.

You collected 23 gold pieces.

Inventory:

Hand Weapons
 h - a +0 dagger (weapon)
 j - a +0 spear
Missiles
 g - 2 stones (quivered)
Armour
 a - a +0 robe
 b - a +0 hat (worn)
 e - a +0 shield (worn)
 i - a +0 pair of gloves (worn)
 m - a +0 chain mail (worn)
 o - a +0 cloak (worn)
Scrolls
 f - 2 scrolls of identify
 l - a scroll of blinking {unknown}
 r - a scroll of amnesia {unknown}
Potions
 q - a potion of agility
Books
 c - a book of Minor Magic

   Spells                             Type                      Level
   a - Magic Dart                     Conjuration                  1
   b - Blink                          Translocation                2
   c - Call Imp                       Summoning                    2
   d - Slow                           Hexes                        2
   e - Conjure Flame                  Conjuration/Fire             3
   f - Mephitic Cloud                 Conjuration/Poison/Air       3
Comestibles
 d - a bread ration
 p - 4 fruits


   Skills:
 + Level 1.6 Fighting
 - Level 2.4 Dodging
 - Level 2.4 Stealth
 - Level 4.4 Spellcasting
 - Level 1.1 Conjurations
   Level 1.1 Summonings
   Level 1.1 Translocations


You had 8 spell levels left.
You knew the following spells:

 Your Spells              Type           Power        Failure   Level  Hunger
a - Magic Dart            Conj           #...         100%        1    None


Dungeon Overview and Level Annotations

Branches:
Dungeon (1/15)

Altars:


Message History

You block the bat's attack. The bat hits you.
The bat hits you but does no damage. You block the bat's attack.
The bat hits you but does no damage. The bat hits you.
The leopard gecko bites you but does no damage.
The bat hits you but does no damage. You block the bat's attack.
The bat hits you but does no damage. x2
The bat hits you but does no damage. The bat hits you.
The bat hits you but does no damage. You block the bat's attack.
The leopard gecko bites you.
* * * LOW HITPOINT WARNING * * *
It was a potion of agility.
You feel agile all of a sudden. The bat hits you but does no damage.
The leopard gecko bites you.
You die...

#.......#............####.
#########........##..# #.
#............# ##.
#####........###..
#.................
######.b...##.###.###..
#..........##.......#..
#.....l########...#.#..
#.....@# #...##...#.#..
#......# #......#.#.###
#......# #....#...#.#
#......# #....#.#.#.#
#......# ##.# #.#.#.#
######## #. #.#.#.# #
#.....# #...###
#............


You could see a leopard gecko and a bat.

Vanquished Creatures
  An ooze (D:1)
  A leopard gecko (D:1)
  A goblin (D:1)
  A hobgoblin (D:1)
  3 bats (D:1)
  2 frilled lizards (D:1)
  2 kobolds (D:1)
11 creatures vanquished.

Notes
Turn   | Place    | Note
-------+----------+-------------------------------------------
     0 | D:1      | MatthieuS the Deep Elf Wizard began the quest for the Orb.
     0 | D:1      | Reached XP level 1. HP: 10/10 MP: 7/7
   218 | D:1      | Reached skill level 1 in Fighting
   620 | D:1      | Reached XP level 2. HP: 16/16 MP: 9/9
   990 | D:1      | Slain by a leopard gecko

Vault maps used:
D:1:      onia_arrival_mini_spirals

Skill      XL: |  1 |
---------------+----+-----
Fighting       | 1 |  1.6
Dodging        | |  2.4
Stealth        | |  2.4
Spellcasting   | |  4.4
Conjurations   | |  1.1
Summonings     | |  1.1
Translocations | |  1.1

Action                   || total
-------------------------++-------
Melee: Spear             ||    28
       Dagger            ||    76
       Unarmed           ||     2
Throw: Stone             ||     2
 Cast: Magic Dart        ||     9
  Use: Scroll            ||     2
       Potion            ||     1
 Stab: Sleeping          ||     1
Armor: Chain mail        ||   142
       Leather armour    ||     9
       Robe              ||     1
Dodge: Dodged            ||    23
Block: Shield            ||    66
